 Dungeon Crawl Stone Soup version 0.22-a0-512-g0943f25 (webtiles) character file.

1346 Gaball the Quickloader (level 8, -4/52 HPs)
             Began as a Kobold Hunter on June 18, 2018.
             Was a Priest of Elyvilon.
             Slain by a meliai zombie (7 damage)
             ... on level 6 of the Dungeon.
             The game lasted 00:14:23 (5625 turns).

Gaball the Quickloader (Kobold Hunter)              Turns: 5625, Time: 00:14:24

Health: -4/52      AC:  5    Str: 10    XL:     8   Next: 94%
Magic:  7/8        EV: 14    Int: 12    God:    Elyvilon [***...]
Gold:   274        SH:  0    Dex: 17    Spells: 7/7 levels left

rFire    . . .     SeeInvis .   a - +1 hand crossbow
rCold    . . .     Gourm    .   (shield restricted)
rNeg     . . .     Faith    .   j - -1 ring mail (curse)
rPois    .         Spirit   .   (no helmet)
rElec    .         Reflect  .   (no cloak)
rCorr    .         Harm     .   r - +0 pair of gloves
MR       .....                  (no boots)
Stlth    ++........             (no amulet)
HPRegen  0.17/turn              (no ring)
MPRegen  0.11/turn              (no ring)

@: no status effects
A: small, carnivore
a: Lesser Healing, Heal Other, Purification, Divine Protection, Renounce
Religion


You were on level 6 of the Dungeon.
You worshipped Elyvilon.
Elyvilon was most pleased with you.
You were completely stuffed.

You visited 1 branch of the dungeon, and saw 6 of its levels.

You collected 274 gold pieces.

Inventory:

Hand Weapons
 a - a +1 hand crossbow (weapon)
 b - a +0 short sword
 e - a +0 dagger of protection
Missiles
 d - 12 bolts (quivered)
Armour
 c - a +0 leather armour
 i - a +0 ring mail
 j - a cursed -1 ring mail (worn)
 r - a +0 pair of gloves (worn)
Jewellery
 g - an uncursed amulet of the acrobat
 s - an uncursed amulet of guardian spirit
 u - an uncursed ring of fire {unknown}
 I - a +3 ring of evasion {unknown}
Wands
 y - a wand of digging (10)
 B - a wand of polymorph (12)
Scrolls
 m - a scroll of random uselessness {unknown}
 o - 2 scrolls of remove curse {unknown}
 p - 6 scrolls of magic mapping
 q - a scroll of teleportation {unknown}
 x - a scroll of fog {unknown}
 A - a scroll of amnesia {unknown}
 D - 3 scrolls of identify
 E - 3 scrolls of noise {unknown}
 F - a scroll of fear {unknown}
 H - a scroll of torment {unknown}
Potions
 h - 4 potions of curing
 k - a potion of haste {unknown}
 n - 2 potions of might {unknown}
 t - 2 potions of resistance {unknown}
 v - a potion of magic {unknown}
 w - 3 potions of mutation {unknown}
 z - a potion of heal wounds {unknown}
 C - 2 potions of berserk rage {unknown}
 G - a potion of invisibility {unknown}
Comestibles
 f - 12 rations
 l - 3 chunks of flesh


   Skills:
 + Level 6.3 Fighting
 - Level 0.4 Short Blades
 * Level 10.7 Crossbows
 - Level 0.6 Armour
 - Level 3.2 Dodging
 - Level 2.8 Stealth


You had 7 spell levels left.
You didn't know any spells.
Your spell library contained the following spells:

 Spells                   Type           Power        Failure   Level  Hunger
 Magic Dart               Conj           #...         65%         1    ##.....
 Iskenderun's Mystic Bla  Conj           #.......     100%        4    #####..
 Fulminant Prism          Conj/Hex       #.........   100%        4    #####..
 Dazzling Spray           Conj/Hex       #.....       95%         3    ####...
 Force Lance              Conj/Tloc      #.......     100%        4    #####..
 Searing Ray              Conj           #.....       78%         2    ###....


Dungeon Overview and Level Annotations

Branches:
Dungeon (6/15)             Temple (0/1) D:5

Altars:
Elyvilon
Trog
Vehumet
Xom


Innate Abilities, Weirdness & Mutations

You are small and have problems with some larger weapons.
You are carnivorous and can eat meat at any time.


Message History

The meliai zombie hits you but does no damage.
Firing (i - inventory)
d - 13 bolts (quivered)
Press: ? - help, Shift-Dir - straight line, f/p - meliai zombie
Aim: a meliai zombie (severely damaged)
You shoot a bolt. The bolt hits the meliai zombie.
The meliai zombie is severely damaged.
The meliai zombie completely misses you.
The meliai zombie hits you.
* * * LOW HITPOINT WARNING * * *
The meliai zombie hits you!
* * * LOW HITPOINT WARNING * * *
The meliai zombie hits you.
* * * LOW HITPOINT WARNING * * *
You are healed.
You feel somewhat less full. The meliai zombie barely misses you.
The meliai zombie completely misses you.
The meliai zombie hits you.
* * * LOW HITPOINT WARNING * * *
The meliai zombie hits you!
You die...

#### # .(## #.###
#.# #.#.##.....#
#####.#.##.##..#
......#....((..#
.....####Z###...#
####....##@# #.##
#..........# ## #
.##....####
...####.#.##
..........#
#.......##
...#####.# ##.##
#...#


You could see a meliai zombie.

Vanquished Creatures
  Grinder (D:3)
  Sigmund (D:5)
  A centaur (D:5)
  2 ogres (D:5)
  3 scorpions
  A crimson imp (D:5)
  2 hounds
  3 orc wizards
  3 worker ants
  A hound skeleton (D:5)
  7 gnolls
  14 adders
  3 worms
  2 dart slugs
  4 leopard geckos
  8 orcs
  2 giant cockroaches (D:3)
  13 goblins
  7 hobgoblins
  4 jackals (D:3)
  12 kobolds
  4 quokkas
  8 ball pythons
  7 bats
  3 frilled lizards
  2 quokka zombies (D:5)
  9 rats
127 creatures vanquished.

Notes
Turn   | Place    | Note
-------+----------+-------------------------------------------
     0 | D:1      | Gaball the Kobold Hunter began the quest for the Orb.
     0 | D:1      | Reached XP level 1. HP: 12/12 MP: 1/1
   131 | D:1      | Reached skill level 5 in Crossbows
   185 | D:1      | Reached XP level 2. HP: 13/17 MP: 2/2
   743 | D:1      | Reached XP level 3. HP: 21/21 MP: 3/3
  1276 | D:2      | Found a bloodstained altar of Trog.
  1420 | D:2      | Reached XP level 4. HP: 22/27 MP: 4/4
  1485 | D:2      | Reached skill level 6 in Crossbows
  1700 | D:2      | Found a faded altar of an unknown god.
  1768 | D:2      | Found a white marble altar of Elyvilon.
  1826 | D:2      | Became a worshipper of Elyvilon the Healer
  2017 | D:3      | Reached XP level 5. HP: 24/31 MP: 5/5
  2123 | D:3      | Noticed Grinder
  2138 | D:3      | Paralysed by Grinder for 6 turns
  2155 | D:3      | HP: 1/31 [Grinder/nerve-wracking pain (5)]
  2641 | D:3      | Found a shimmering altar of Xom.
  2811 | D:3      | Reached * piety under Elyvilon
  3105 | D:3      | Reached XP level 6. HP: 37/37 MP: 6/6
  3144 | D:3      | Reached skill level 7 in Crossbows
  3386 | D:3      | Killed Grinder
  3386 | D:3      | Reached skill level 8 in Crossbows
  3386 | D:3      | Reached XP level 7. HP: 32/43 MP: 7/7
  3430 | D:3      | Found a radiant altar of Vehumet.
  3493 | D:4      | Reached ** piety under Elyvilon
  4436 | D:5      | Entered Level 5 of the Dungeon
  4470 | D:5      | Reached skill level 9 in Crossbows
  4637 | D:5      | Reached *** piety under Elyvilon
  4647 | D:5      | Found a staircase to the Ecumenical Temple.
  4678 | D:5      | Reached skill level 5 in Fighting
  4678 | D:5      | Reached XP level 8. HP: 49/49 MP: 8/8
  5035 | D:5      | Noticed Sigmund
  5048 | D:5      | Killed Sigmund
  5048 | D:5      | Reached skill level 10 in Crossbows
  5624 | D:6      | HP: 2/52 [meliai zombie (1)]
  5625 | D:6      | Slain by a meliai zombie

Vault maps used:
D:1:      dpeg_arrival_shrine
D:2:      old_standard_altar, chequers_ecumenical_altar_twisty, first_ration,
          minmay_misc_feat_x, minmay_strange_pillars, elyvilon_altar_4
D:3:      lemuel_coloured_pillars_altar, nicolae_overflow_crystal_walls,
          minivault_5, minmay_snake_closets, uniq_grinder
D:5:      minmay_temple_entry_mist, portal_sewer_entry_b, uniq_sigmund
D:6:      minmay_klotski, uniq_menkaure

Skill      XL: |  1  2  3  4  5  6  7  8 |
---------------+-------------------------+-----
Crossbows      | 5 6 8 9 10 | 10.7
Stealth        | 2 |  2.8
Dodging        | 3 |  3.2
Fighting       | 3 4 5 6 |  6.3
Short Blades   | |  0.4
Armour         | |  0.6

Action                   |  1- 3 |  4- 6 |  7- 9 || total
-------------------------+-------+-------+-------++-------
Melee: Dagger            |   137 |   110 |    44 ||   291
 Fire: Hand crossbow     |    22 |    89 |   175 ||   286
Invok: Lesser Healing    |       |       |     1 ||     1
  Use: Scroll            |       |       |     4 ||     4
 Stab: Sleeping          |     4 |     3 |       ||     7
  Eat: Chunk             |    10 |     6 |     7 ||    23
Armor: Leather armour    |    40 |    42 |     1 ||    83
       Ring mail         |       |       |    20 ||    20
Dodge: Dodged            |   107 |   112 |    66 ||   285

Table legend:
 A = Spawn XP
 B = Non-spawn XP
 C = Spawn XP percentage of total XP
 D = Spawn monster count
 E = Non-spawn monster count
 F = Spawn count percentage of total count
 G = Total turns spent on level
                    A         B        C        D         E        F      G
               +---------+---------+-------+---------+---------+-------+---------
         Total |       0 |    1923 |   0.0 |       0 |     127 |   0.0 |  5625
               +---------+---------+-------+---------+---------+-------+---------
           D:1 |       0 |      34 |   0.0 |       0 |      19 |   0.0 |  1051
           D:2 |       0 |      74 |   0.0 |       0 |      21 |   0.0 |  1102
           D:3 |       0 |     504 |   0.0 |       0 |      44 |   0.0 |  1324
           D:4 |       0 |     202 |   0.0 |       0 |      14 |   0.0 |   959
           D:5 |       0 |    1030 |   0.0 |       0 |      26 |   0.0 |  1071
           D:6 |       0 |      79 |   0.0 |       0 |       3 |   0.0 |   118
               +---------+---------+-------+---------+---------+-------+---------
